 Dungeon Crawl Stone Soup version 0.19.1 (webtiles) character file.

215 MirrMurr the Cudgeler (level 5, -4/32 HPs)
             Began as a Gargoyle Gladiator on Dec 28, 2016.
             Slain by an ogre
             ... wielding a +0 giant club
              (19 damage)
             ... on level 4 of the Dungeon.
             The game lasted 00:07:18 (2341 turns).

MirrMurr the Cudgeler (Gargoyle Gladiator)          Turns: 2341, Time: 00:07:18

Health: -4/32      AC: 16    Str: 18    XL:     5   Next: 92%
Magic:  5/5        EV:  8    Int:  9    God:
Gold:   135        SH:  0    Dex: 11    Spells: 0 memorised, 4 levels left

rFire  . . .     SeeInvis .     a - +0 flail
rCold  + . .     Gourm    .     p - +2 chain mail {rC+}
rNeg   + . .     Faith    .     (no shield)
rPois  ∞         Spirit   .     c - +0 helmet
rElec  +         Reflect  .     i - +0 cloak
rCorr  .         Harm     .     (no gloves)
MR     .....                    (no boots)
Stlth  ..........               (no amulet)
                                (no ring)
                                (no ring)

@: no status effects
A: negative energy resistance 1, electricity resistance, unbreathing,
petrification resistance, rot immunity, AC +4
a: no special abilities


You were on level 4 of the Dungeon.
You were not hungry.

You visited 1 branch of the dungeon, and saw 4 of its levels.

You collected 135 gold pieces.

Inventory:

Hand Weapons
 a - a +0 flail (weapon)
Missiles
 d - 3 throwing nets
 e - 160 stones
 j - 3 tomahawks (quivered)
 n - 17 poisoned needles
Armour
 c - a +0 helmet (worn)
 i - a +0 cloak (worn)
 p - a +2 chain mail of cold resistance (worn)
Scrolls
 h - 2 scrolls of teleportation
Potions
 b - a potion of curing
 g - a potion of heal wounds
 k - 3 potions of might {unknown}
 l - 4 potions of flight
 o - a potion of cure mutation {unknown}
Comestibles
 f - 5 bread rations


   Skills:
 + Level 3.1 Fighting
 * Level 5.3 Maces & Flails
 + Level 1.7 Throwing
 + Level 1.2 Armour
 + Level 3.2 Dodging


You had 4 spell levels left.
You didn't know any spells.

Dungeon Overview and Level Annotations

Branches:
Dungeon (4/15)
 Temple: D:4-7

Altars:
Okawaru
Qazlal
Vehumet


Innate Abilities, Weirdness & Mutations

You are resistant to torment.
Your stone body is resilient. (AC +4)
You are immune to poison.
You resist negative energy. (rN+)
You are resistant to electric shocks. (rElec)
You can survive without breathing.
You are immune to petrification.
You are immune to rotting.


Message History

There is a stone staircase leading down here.
You climb downwards.
You hear the sound of rushing water.
There is an entrance to a sewer on this level.
Hurry and find it before the portal rusts away!
An ogre comes into view. It is wielding a giant club.
The ogre shouts!
Found a slice of pizza.
Found a stone staircase leading down.
There is a stone staircase leading up here.
The ogre hits you with a giant club!
Ouch! That really hurt!
You hit the ogre.
The ogre is lightly wounded.
You hit the ogre but do no damage.
The ogre is lightly wounded.
The ogre hits you but does no damage.
You hit the ogre but do no damage.
The ogre is lightly wounded.
The ogre hits you with a giant club!!
Ouch! That really hurt!
You die...

##
.###
...#
#..
##.#
##.<#
#.@##
#.O##
#..#
..>#
....%
..##
.


You could see an ogre.

Vanquished Creatures
  Crazy Yiuf (D:3)
  Natasha (thrice) (D:3)
  A gnoll (D:1)
  4 adders
  A worm (D:2)
  A dart slug (D:3)
  A leopard gecko (D:3)
  3 orcs (D:3)
  3 bats (D:3)
  2 giant cockroaches (D:2)
  6 goblins
  10 hobgoblins
  7 jackals
  A quokka (D:3)
  5 frilled lizards (D:2)
  6 kobolds
  5 rats
60 creatures vanquished.

Vanquished Creatures (others)
  An orc wizard (D:3)
  A rat (D:3)
2 creatures vanquished.

Grand Total: 62 creatures vanquished

Notes
Turn   | Place    | Note
-------+----------+-------------------------------------------
     0 | D:1      | MirrMurr the Gargoyle Gladiator began the quest for the Orb.
     0 | D:1      | Reached XP level 1. HP: 12/12 MP: 1/1
     6 | D:1      | Noticed a swamp drake
     6 | D:1      | Noticed a worker ant
     6 | D:1      | Noticed a crocodile
     7 | D:1      | Noticed a lindwurm
     7 | D:1      | Noticed an anaconda
   124 | D:1      | Reached XP level 2. HP: 9/18 MP: 2/2
   616 | D:1      | Reached XP level 3. HP: 11/22 MP: 3/3
  1061 | D:2      | Reached skill level 4 in Maces & Flails
  1298 | D:2      | Reached XP level 4. HP: 27/27 MP: 4/4
  1337 | D:2      | Found an iron altar of Okawaru.
  1429 | D:2      | Found a stormy altar of Qazlal.
  1700 | D:3      | Noticed Natasha
  1705 | D:3      | Killed Natasha
  1791 | D:3      | Noticed Natasha
  1800 | D:3      | Killed Natasha
  1800 | D:3      | Reached XP level 5. HP: 27/32 MP: 5/5
  1948 | D:3      | Noticed Natasha
  1949 | D:3      | Reached skill level 5 in Maces & Flails
  1949 | D:3      | Found a radiant altar of Vehumet.
  1967 | D:3      | Killed Natasha
  2256 | D:3      | Found a runed door.
  2260 | D:3      | Noticed Crazy Yiuf
  2265 | D:3      | Killed Crazy Yiuf
  2265 | D:3      | Reached skill level 1 in Armour
  2337 | D:4      | Noticed an ogre
  2341 | D:4      | Slain by an ogre

Skill      XL: |  1  2  3  4  5 |
---------------+----------------+-----
Maces & Flails | 4 5 |  5.3
Dodging        | 3 |  3.2
Fighting       | 3 |  3.1
Armour         | 1 |  1.2
Throwing       | |  1.7

Action                   |  1- 3 |  4- 6 || total
-------------------------+-------+-------++-------
Melee: Flail             |   115 |   116 ||   231
Throw: Throwing net      |       |     1 ||     1
  Use: Scroll            |     5 |     5 ||    10
 Stab: Held in net/web   |       |     2 ||     2
  Eat: Chunk             |     1 |     4 ||     5
Armor: Leather armour    |    37 |       ||    37
       Ring mail         |     8 |    17 ||    25
       Chain mail        |       |    59 ||    59
Dodge: Dodged            |    92 |    68 ||   160
